 Dungeon Crawl Stone Soup version 0.26-a0-163-g6c8a0bf695 (webtiles) character file.

Game seed: 9881812974099210602

42 BritishOli the Slasher (level 3, 0/28 HPs)
             Began as a Demonspawn Gladiator on July 3, 2020.
             Slain by a hobgoblin
             ... wielding a +0 club
             ... led by Robin
              (1 damage)
             ... on level 1 of the Dungeon.
             The game lasted 00:01:38 (1837 turns).

BritishOli the Slasher (Demonspawn Gladiator)       Turns: 1837, Time: 00:01:39

Health: 0/28       AC:  4    Str: 15    XL:     3   Next: 35%
Magic:  3/3        EV: 13    Int:  9    God:
Gold:   137        SH:  0    Dex: 14    Spells: 2/2 levels left

rFire    + . .     SeeInvis .   a - +0 long sword
rCold    . . .     Faith    .   (no shield)
rNeg     . . .     Spirit   .   b - +0 leather armour
rPois    .         Reflect  .   c - +0 helmet
rElec    .         Harm     .   (no cloak)
rCorr    .                      (no gloves)
MR       .....                  (no boots)
Stlth    +.........             (no amulet)
HPRegen  0.09/turn              (no ring)
MPRegen  0.08/turn              (no ring)

@: no status effects
A: fire resistance 1
a: no special abilities


You were on level 1 of the Dungeon.
You were not hungry.

You visited 1 branch of the dungeon, and saw 2 of its levels.

You collected 137 gold pieces.

Inventory:

Hand Weapons
 a - a +0 long sword (weapon)
Missiles
 d - 3 throwing nets (quivered)
Armour
 b - a +0 leather armour (worn)
 c - a +0 helmet (worn)
Scrolls
 e - 2 scrolls of remove curse {unknown}
 h - 2 scrolls of identify {unknown}
Potions
 g - a potion of lignification {unknown}
 i - a potion of heal wounds {unknown}
 k - 2 potions of curing {unknown}
 l - 2 potions of cancellation {unknown}
 m - a potion of flight {unknown}
Comestibles
 f - 5 rations


   Skills:
 + Level 2.4 Fighting
 + Level 3.1 Long Blades
 - Level 2.0 Throwing
 + Level 1.1 Armour
 + Level 3.0 Dodging


You had 2 spell levels left.
You didn't know any spells.
Your spell library was empty.

Dungeon Overview and Level Annotations

Branches:
Dungeon (2/15)

Altars:

Annotations:
D:2 Robin


Innate Abilities, Weirdness & Mutations

Your flesh is heat resistant. (rF+)


Message History

The hobgoblin barely misses you. A mysterious force pulls you upwards.
The hatch slams shut behind you.
You are too injured to fight recklessly!
You are too injured to fight recklessly!
You are too injured to fight recklessly!
You are too injured to fight recklessly!
You are too injured to fight recklessly!
You barely miss the hobgoblin. The hobgoblin hits you with a +0 club.
* * * LOW HITPOINT WARNING * * *
The hobgoblin hits you with a +0 club.
* * * LOW HITPOINT WARNING * * *
You hit the hobgoblin.
The hobgoblin is moderately wounded.
The hobgoblin hits you with a +0 club.
* * * LOW HITPOINT WARNING * * *
The hobgoblin hits you but does no damage.
Number of times to repeat, then command key: You must enter the number of times for the command to repeat.
The hobgoblin hits you with a +0 club.
You die...

#####.#.......)..#.......#
#.#.####.............#
#####......##....##......#
#........................#
#...........######.......#
#...........# ###'#+#####
#.....#.###.# #........#
#.....#.#...# #gg......#
#.....#.########@.......#
####..#............#.####
#..##############.############
#.................#...........
#.......###########.##########
#.................#...........
#.......#####.#.#.#..#########
#.......#####.#.#.#...........
#.......#...#.#.#.#...########


You could see 2 hobgoblins.

Vanquished Creatures
  An ooze (D:1)
  A dart slug (D:2)
  2 leopard geckos (D:1)
  A giant cockroach (D:1)
  5 goblins
  5 hobgoblins
  4 jackals (D:1)
  6 kobolds
  A quokka (D:2)
  3 frilled lizards
  2 rats (D:1)
31 creatures vanquished.

Notes
Turn   | Place    | Note
-------+----------+-------------------------------------------
     0 | D:1      | BritishOli the Demonspawn Gladiator began the quest for the
                  | Orb.
     0 | D:1      | Reached XP level 1. HP: 16/16 MP: 1/1
   498 | D:1      | Gained mutation: Your flesh is heat resistant. (rF+)
                  | [demonic ancestry]
   498 | D:1      | Reached XP level 2. HP: 18/22 MP: 2/2
  1511 | D:2      | Reached XP level 3. HP: 27/28 MP: 3/3
  1571 | D:2      | Reached skill level 1 in Armour
  1800 | D:2      | Noticed Robin
  1836 | D:1      | HP: 1/28 [hobgoblin/+0 club[Robin] (1)]
  1837 | D:1      | Slain by a hobgoblin

Illustrated notes

Levels and vault maps discovered:
D:1:      eino_arrival_cavern_d, layout_basic
D:2:      layout_rooms, nicolae_qazlal_eye_of_the_storm, first_ration,
          uniq_robin

Skill      XL: |  1  2  3 |
---------------+----------+-----
Throwing       | 2 |  2.0
Long Blades    | 3 |  3.1
Dodging        | 3 |  3.0
Armour         | 1 |  1.1
Fighting       | |  2.4

Action                   || total
-------------------------++-------
Melee: Long sword        ||    97
  Eat: Chunk             ||     3
Armor: Leather armour    ||    22
Dodge: Dodged            ||    84
       Rpst.: Long sword ||    23

Table legend:
 A = Non-vault XP
 B = Vault XP
 C = Vault XP percentage of total XP
 D = Non-vault monster count
 E = Vault monster count
 F = Vault count percentage of total count
                 A         B        C        D         E       F
            +---------+---------+-------+---------+---------+-------
      Total |      57 |       4 |   6.6 |      29 |       2 |   6.5
            +---------+---------+-------+---------+---------+-------
        D:1 |      37 |       0 |   0.0 |      18 |       0 |   0.0
        D:2 |      20 |       4 |  16.7 |      11 |       2 |  15.4
            +---------+---------+-------+---------+---------+-------
